 Dungeon Sprint DCSS version 0.30.1-11-g7821555f0a (webtiles) character file.

Game seed: 7382323614667478673

189 Groucho the Blocker (level 6, -3/53 HPs)
             Began as a Formicid Fighter on Nov 22, 2023.
             Was an Initiate of Makhleb.
             Slain by a two-headed ogre
             ... wielding a +0 giant spiked club
              (25 damage)
             ... in the Dungeon (Sprint IX: "|||||||||||||||||||||||||||||").
             The game lasted 00:01:19 (475 turns).

Groucho the Blocker (Formicid Fighter)               Turns: 475, Time: 00:01:20

Health: -3/53      AC: 14    Str: 26    XL:     6   Next: 0%
Magic:  6/6        EV:  8    Int: 10    God:    Makhleb [......]
Gold:   0          SH:  6    Dex: 13    Spells: 5/5 levels left

rFire   . . .        l - +2 dire flail "Eviscerator" {venom, rPois SInv}
rCold   . . .        c - +0 buckler
rNeg    . . .        n - +1 chain mail
rPois   +            (helmet unavailable)
rElec   .            (no cloak)
rCorr   .            m - +0 pair of gloves
SInv    +            a - +0 pair of boots
Will    .....        (no amulet) Stlth
                     b - +3 ring of strength
HPRegen 0.28/turn    o - +3 ring of intelligence
MPRegen 0.10/turn

%: no passive effects
@: no status effects
A: permanent stasis, dig shafts and tunnels, antennae 3, four strong arms
a: Dig, Renounce Religion


You were in the Dungeon.
You worshipped Makhleb.
Makhleb was noncommittal.
You visited 1 branch

Inventory:

Hand Weapons
 l - the +2 dire flail "Eviscerator" (weapon) {venom, rPois SInv}
   (You found it in the Dungeon)

   rPois:     It protects you from poison.
   SInv:      It lets you see invisible.
Armour
 a - a +0 pair of boots (worn)
 c - a +0 buckler (worn)
 m - a +0 pair of gloves (worn)
 n - a +1 chain mail (worn)
Jewellery
 b - a +3 ring of strength (left hand)
 o - a +3 ring of intelligence (right hand)
Wands
 k - a wand of iceblast (10)
Scrolls
 h - 2 scrolls of blinking
 j - 2 scrolls of amnesia
Potions
 d - a potion of might
 e - 5 potions of curing
 f - 3 potions of heal wounds
 g - 4 potions of magic
 i - a potion of invisibility


   Skills:
 + Level 6.9 Fighting
 + Level 5.9 Maces & Flails
 + Level 6.9 Armour
 + Level 8.3 Shields


You had 5 spell levels left.
You didn't know any spells.
Your spell library was empty.

Dungeon Overview and Level Annotations

Branches:
Dungeon (1/1)

Altars:
Cheibriados
Dithmenos
Elyvilon
Fedhas
Gozag
Hepliaklqana
Kikubaaqudgha
Makhleb
Nemelex Xobeh
Okawaru
Qazlal
Ru
Sif Muna
Trog
Uskayaw
Vehumet
Wu Jian
Xom
Yredelemnul
Zin
The Shining One
Jiyva
Lugonu


Innate Abilities, Weirdness & Mutations

You cannot be hasted, slowed, berserked, paralysed or teleported.
You can dig through walls and to a lower floor.
You have a pair of large antennae on your head. (SInv)
Your four strong arms can wield two-handed weapons with a shield.


Message History

You puncture the howler monkey!
The howler monkey looks as sick as possible!
The howler monkey is almost dead.
You kill the howler monkey!
Makhleb accepts your kill.
Your Shields skill increases to level 8!
You barely miss the orc priest.
The orc priest mumbles some strange prayers to Beogh against you.
Pain shoots through your body!
You barely miss the orc priest.
The orc priest hits you but does no damage.
You hit the orc priest.
The orc priest is moderately wounded.
The orc priest miscasts a cantrip.
You puncture the orc priest!
You kill the orc priest!
Makhleb accepts your kill.
You have reached level 6!
Unknown command.
You hit the two-headed ogre but do no damage.
The two-headed ogre is poisoned.
The two-headed ogre hits you with a +0 giant spiked club!!
The two-headed ogre closely misses you.
You hit the two-headed ogre.
The two-headed ogre looks as sick as possible!
The two-headed ogre is lightly wounded.
The two-headed ogre barely misses you.
The two-headed ogre hits you with a +0 dire flail.
You hit the two-headed ogre.
The two-headed ogre is lightly wounded.
You puncture the two-headed ogre!
The two-headed ogre is moderately wounded.
The two-headed ogre hits you with a +0 giant spiked club.
The two-headed ogre hits you but does no damage.
You are too injured to fight recklessly!
You hit the two-headed ogre.
The two-headed ogre looks as sick as possible!
The two-headed ogre is heavily wounded.
The two-headed ogre hits you with a +0 giant spiked club!!
You die... {{{{{{{ {{{{{{{{ ▓▓▓▓▓▓▓▓▓▓▓▓▓▓▓▓▓▓▓▓▓▓▓▓ _______'..)...[.@OOcY... ▓▓▓▓▓▓▓▓▓▓▓▓▓▓▓▓▓▓▓▓▓▓▓▓

You could see 2 two-headed ogres, a yak and a centaur.

Vanquished Creatures
  A howler monkey (D)
  A hound (D)
  A jelly (D)
  An orc priest (D)
  A gnoll bouda (D)
  An orc wizard (D)
  An orc (D)
  A giant cockroach (D)
  A goblin (D)
  2 kobolds (D)
  A rat (D)
12 creatures vanquished.

Notes
Turn   | Place    | Note
-------+----------+-------------------------------------------
     0 | D        | Groucho the Formicid Fighter began the quest for the Orb.
     0 | D        | Reached XP level 1. HP: 18/18 MP: 1/1
    23 | D        | Noticed an orc wizard
    23 | D        | Noticed a hound
    23 | D        | Noticed a gnoll bouda
    23 | D        | Noticed a jelly
    29 | D        | Killed an orc wizard
    30 | D        | Reached skill level 5 in Shields
    30 | D        | Reached XP level 2. HP: 26/26 MP: 2/2
    30 | D        | Reached XP level 3. HP: 31/31 MP: 3/3
    37 | D        | Reached skill level 5 in Fighting
    37 | D        | Reached skill level 5 in Armour
    37 | D        | Reached skill level 6 in Shields
    37 | D        | Reached XP level 4. HP: 26/39 MP: 4/4
    45 | D        | Reached skill level 5 in Maces & Flails
    45 | D        | Reached skill level 7 in Shields
    45 | D        | Reached XP level 5. HP: 24/46 MP: 5/5
   392 | D        | Found a snail-covered altar of Cheibriados.
   392 | D        | Found a shadowy altar of Dithmenos.
   392 | D        | Found a white marble altar of Elyvilon.
   392 | D        | Found a blossoming altar of Fedhas.
   392 | D        | Found an opulent altar of Gozag.
   393 | D        | Found a hazy altar of Hepliaklqana.
   394 | D        | Found a viscous altar of Jiyva.
   395 | D        | Found an ancient bone altar of Kikubaaqudgha.
   396 | D        | Found a corrupted altar of Lugonu.
   397 | D        | Found a burning altar of Makhleb.
   398 | D        | Found a sparkling altar of Nemelex Xobeh.
   399 | D        | Found an iron altar of Okawaru.
   400 | D        | Found a stormy altar of Qazlal.
   401 | D        | Found a sacrificial altar of Ru.
   402 | D        | Found a shimmering blue altar of Sif Muna.
   403 | D        | Found a bloodstained altar of Trog.
   404 | D        | Found a hide-covered altar of Uskayaw.
   405 | D        | Became a worshipper of Makhleb the Destroyer
   406 | D        | Found a radiant altar of Vehumet.
   407 | D        | Found an ornate altar of the Wu Jian Council.
   408 | D        | Found a shimmering altar of Xom.
   409 | D        | Found a basalt altar of Yredelemnul.
   410 | D        | Found a glowing silver altar of Zin.
   411 | D        | Found a glowing golden altar of the Shining One.
   427 | D        | Got the +2 dire flail "Eviscerator" {venom, rPois SInv}
   464 | D        | Noticed a centaur
   464 | D        | Noticed a two-headed ogre
   464 | D        | Noticed a two-headed ogre
   464 | D        | Noticed a yak
   467 | D        | Reached skill level 8 in Shields
   471 | D        | Reached XP level 6. HP: 50/53 MP: 6/6
   475 | D        | Slain by a two-headed ogre

Illustrated notes

Levels and vault maps discovered:
D:        linesprint [early_d, line_temple, items_1, d_10, items_2, lair_1,
          lair_end, items_3, orc_1, orc_end, items_4, d_15, swamp_1, shoals_1,
          snake_1, spider_1, d_20, vaults_1, items_5, swamp_end, shoals_end,
          snake_end, spider_end, vaults_end, d_27, items_6, zot_1, zot_end,
          crypt_end, forest_end, elf_end, slime_end, tomb_end, abyss_end,
          pan_hell_end]

Skill      XL: |  1  2  3  4  5 |
---------------+----------------+-----
Fighting       | 4 5 6 |  6.9
Maces & Flails | 3 4 5 |  5.9
Armour         | 4 5 6 |  6.9
Shields        | 5 6 7 8 |  8.3

Action                     |  1- 3 |  4- 6 || total
---------------------------+-------+-------++-------
  Melee: Flail             |    26 |     8 ||    34
         Dire flail        |       |    11 ||    11
 Armour: Scale mail        |     8 |     1 ||     9
         Chain mail        |       |     2 ||     2
  Dodge: Dodged            |     9 |     4 ||    13
  Block: Buckler           |     8 |     3 ||    11
